 Dungeon Crawl Stone Soup version 0.18.1-2-ga659475 (webtiles) character file.

911 inmateoo the Shield-Bearer (level 8, -6/50 HPs)
             Began as a Gargoyle Fighter on May 9, 2016.
             Killed by nerve-wracking pain
             ... invoked by Menkaure
              (14 damage)
             ... on level 5 of the Dungeon.
             The game lasted 00:05:36 (4218 turns).

inmateoo the Shield-Bearer (Gargoyle Fighter)       Turns: 4218, Time: 00:05:37

Health: -6/50      AC: 20    Str: 23    XL:     8   Next: 8%
Magic:  8/8        EV:  4    Int:  8    God:
Gold:   247        SH: 10    Dex:  9    Spells: 0 memorised, 7 levels left

rFire  . . .     SeeInvis .     a - +0 war axe
rCold  . . .     Gourm    .     e - +0 plate armour
rNeg   + . .     Faith    .     c - +0 shield
rPois  ∞         Spirit   .     j - +0 helmet
rElec  +         Dismiss  .     A - +0 cloak (curse)
rCorr  .         Reflect  .     (no gloves)
SustAt .         Harm     .     (no boots)
MR     .....                    (no amulet)
Stlth  ..........               (no ring)
                                (no ring)

@: not resistant to hostile enchantments, extremely unstealthy
A: negative energy resistance 1, electricity resistance, unbreathing,
petrification resistance, rot immunity, AC +5
a: no special abilities


You were on level 5 of the Dungeon.
You were not hungry.

You visited 1 branch of the dungeon, and saw 5 of its levels.

You collected 247 gold pieces.

Inventory:

Hand Weapons
 a - a +0 war axe (weapon)
 b - a +2 hand axe of freezing
 g - a cursed -1 hand axe
 x - a +1 flail of crushing
Armour
 c - a +0 shield (worn)
 e - a +0 plate armour (worn)
 j - a +0 helmet (worn)
 A - a cursed +0 cloak (worn)
Wands
 m - a wand of acid (6/15)
 r - a wand of random effects (23/48)
 t - a wand of digging (13/24)
 B - a wand of flame (17/48)
Scrolls
 k - 2 scrolls of magic mapping
Potions
 d - 4 potions of might
 i - a potion of berserk rage
 n - 2 potions of cancellation {unknown}
 p - a potion of magic {unknown}
 q - 2 potions of lignification {unknown}
 s - a potion of flight {unknown}
 v - a potion of ambrosia {unknown}
Comestibles
 f - 2 bread rations
 h - a slice of pizza
 l - 4 fruits
 o - 2 meat rations


   Skills:
 + Level 5.5 Fighting
 * Level 5.3 Axes
 + Level 5.3 Armour
 + Level 5.5 Shields


You had 7 spell levels left.
You didn't know any spells.

Dungeon Overview and Level Annotations

Branches:
Dungeon (5/15)
 Temple: D:4-7

Altars:
Makhleb
Pakellas
Zin

Annotations:
D:5 Menkaure


Innate Abilities, Weirdness & Mutations

You are resistant to torment.
Your stone body is resilient (AC +5).
You are immune to poison.
You resist negative energy.
You are resistant to electric shocks.
You can survive without breathing.
You are immune to petrification.
You are immune to rotting.


Message History

Menkaure casts a spell at you. Pain shoots through your body!
* * * LOW HITPOINT WARNING * * *
Unknown command.
Your plate armour prevents you from hitting Menkaure.
Menkaure is almost destroyed.
Menkaure rustles, "It doesn't hurt if you pull your brain out of your nose yourself."
You block Menkaure's attack.
Menkaure giggles, "These cerements are ticklish..."
Menkaure calls on the powers of darkness!
Your body is wracked with pain!
* * * LOW HITPOINT WARNING * * *
Drink which item? (? for menu, Esc to quit)
Okay, then.
You hit Menkaure.
Menkaure is almost destroyed.
Menkaure giggles, "These cerements are ticklish..."
Menkaure points at you and mumbles some strange words.
Pain shoots through your body!
You die...

#### ....# ...
....# ####.. ....
......# ... .......
.. ....... .####
#.#.......##....#
#.#........@M...##
..+.:.....†))......
#.#......#.##...###
#.#..(...#.# ...#
#.#..... #.# ..#
#####.#####+##.##
..#
.#..<#.......##..#
.#
.....†.#########.##
## .....#.# #..#


You could see Menkaure.

Vanquished Creatures
  Edmund (D:4)
  An ice beast (D:3)
  A sky beast (D:4)
  An ogre (D:4)
  Blork the orc (D:4)
  2 orc priests
  Crazy Yiuf (D:2)
  A hound (D:3)
  Jessica (D:3)
  4 worker ants
  Robin (D:2)
  4 gnolls (D:5)
  5 adders
  A shadow imp (D:5)
  An ooze (D:1)
  3 worms
  3 giant geckos
  12 orcs
  2 ball pythons
  10 bats
  2 giant cockroaches
  17 goblins
  9 hobgoblins
  8 jackals
  6 kobolds
  A quokka (D:4)
  A giant newt (D:2)
  9 rats
109 creatures vanquished.

Notes
Turn   | Place    | Note
--------------------------------------------------------------
     0 | D:1      | inmateoo the Gargoyle Fighter began the quest for the Orb.
     0 | D:1      | Reached XP level 1. HP: 14/14 MP: 1/1
   173 | D:1      | Reached XP level 2. HP: 16/19 MP: 2/2
   421 | D:1      | Reached XP level 3. HP: 18/23 MP: 3/3
  1094 | D:2      | Reached XP level 4. HP: 29/29 MP: 4/4
  1145 | D:2      | Noticed Robin
  1156 | D:2      | Killed Robin
  1519 | D:2      | Noticed Crazy Yiuf
  1525 | D:2      | Killed Crazy Yiuf
  1525 | D:2      | Reached XP level 5. HP: 17/33 MP: 5/5
  1815 | D:3      | Found a burning altar of Makhleb.
  1841 | D:3      | Found a burning altar of Makhleb.
  2187 | D:3      | Reached XP level 6. HP: 24/39 MP: 6/6
  2331 | D:3      | Noticed an ice beast
  2359 | D:3      | Killed an ice beast
  2895 | D:3      | Found an oddly glowing altar of Pakellas.
  2990 | D:3      | Noticed Jessica
  3008 | D:3      | Killed Jessica
  3115 | D:4      | Noticed Blork the orc
  3130 | D:4      | Killed Blork the orc
  3130 | D:4      | Reached XP level 7. HP: 43/44 MP: 7/7
  3177 | D:4      | Noticed Edmund
  3193 | D:4      | Killed Edmund
  3193 | D:4      | Reached skill level 5 in Fighting
  3193 | D:4      | Reached skill level 5 in Shields
  3244 | D:4      | Reached skill level 5 in Axes
  3244 | D:4      | Reached skill level 5 in Armour
  3807 | D:4      | Found a glowing silver altar of Zin.
  4058 | D:5      | Entered Level 5 of the Dungeon
  4117 | D:5      | Reached XP level 8. HP: 50/50 MP: 8/8
  4198 | D:5      | Noticed Menkaure
  4218 | D:5      | Killed from afar by Menkaure

Skill      XL: |  1  2  3  4  5  6  7 |
---------------+----------------------+-----
Axes           | 2 3 4 5 |  5.3
Fighting       | 4 5 |  5.5
Shields        | 4 5 |  5.5
Armour         | 4 5 |  5.3

Action                   |  1- 3 |  4- 6 |  7- 9 || total
-------------------------+-------+-------+-------++-------
Melee: War axe           |   141 |   247 |   121 ||   509
  Use: Scroll            |     3 |     2 |     4 ||     9
  Eat: Chunk             |     1 |     7 |     4 ||    12
Armor: Plate armour      |    84 |   190 |    94 ||   368
       Scale mail        |     4 |       |       ||     4
Dodge: Dodged            |    28 |    30 |    16 ||    74
Block: Shield            |    68 |   163 |    72 ||   303
